 Dungeon Sprint DCSS version 0.18.1-48-g4cf74bf (webtiles) character file.

251 Neosonic97 the Tainter (level 5, -4/57 HPs)
             Began as a Draconian Venom Mage on Sept 9, 2016.
             Slain by a slime creature (6 damage)
             ... in the Dungeon (Sprint I: "Red Sonja").
             The game lasted 00:02:18 (523 turns).

Neosonic97 the Tainter (Draconian Venom Mage)        Turns: 523, Time: 00:02:19

Health: -4/57      AC:  5    Str: 15    XL:     5   Next: 88%
Magic:  2/11       EV: 13    Int: 16    God:
Gold:   162        SH:  0    Dex: 12    Spells: 3 memorised, 3 levels left

rFire  . . .     SeeInvis .     (no weapon)
rCold  . . .     Gourm    .     (armour unavailable)
rNeg   . . .     Faith    .     (no shield)
rPois  .         Spirit   .     (helmet restricted)
rElec  .         Dismiss  .     (no cloak)
rCorr  .         Reflect  .     (no gloves)
SustAt .         Harm     .     (no boots)
MR     .....     NoTele   +     (no amulet)
Stlth  ..........               (no ring)
                                (no ring)

@: berserking, very slightly contaminated, very quick, not resistant to hostile
enchantments, extremely unstealthy
A: unfitting armour, cold-blooded, AC +5
a: no special abilities


You were in the Dungeon.
You were not hungry.

You visited 1 branch You collected 162 gold pieces.

Inventory:

Scrolls
 h - a scroll of blinking
Potions
 e - a potion of haste
 f - 2 potions of magic
Books
 a - a Young Poisoner's Handbook

   Spells                             Type                      Level
   a - Sting                          Conjuration/Poison           1
   b - Cure Poison                    Poison                       2
   c - Mephitic Cloud                 Conjuration/Poison/Air       3
   d - Olgreb's Toxic Radiance        Poison                       4
   e - Venom Bolt                     Conjuration/Poison           5
Comestibles
 b - a bread ration


   Skills:
 * Level 4.1 Dodging
 - Level 1.7 Stealth
 * Level 4.3 Spellcasting
 * Level 11.2 Poison Magic


You had 3 spell levels left.
You knew the following spells:

 Your Spells              Type           Power        Failure   Level  Hunger
a - Sting                 Conj/Pois      ###.         1%          1    None
b - Mephitic Cloud        Conj/Pois/Air  ###.....     12%         3    ###....
c - Venom Bolt            Conj/Pois      ###.......   50%         5    ######.


Dungeon Overview and Level Annotations

Branches:
Dungeon (1/1)

Altars:
Cheibriados
Dithmenos
Fedhas
Jiyva


Innate Abilities, Weirdness & Mutations

Your plain brown scales are hard (AC +5).
Your body does not fit into most forms of armour.
You are cold-blooded and may be slowed by cold attacks.


Message History

You hit the slime creature.
The slime creature is lightly wounded.
The slime creature hits you!!
Ouch! That really hurt!
* * * LOW HITPOINT WARNING * * *
Drink which item? (? for menu, Esc to quit)
A red film seems to cover your vision as you go berserk!
You feel yourself moving faster!
You feel mighty! The slime creature closely misses you.
You punch the slime creature!
The slime creature is moderately wounded.
The slime creature closely misses you.
You hit the slime creature.
The slime creature is moderately wounded.
You are too berserk!
You are too berserk!
You hit the slime creature. You tail-slap the slime creature.
The slime creature is moderately wounded.
The slime creature hits you.
You die...

################ ##
#<.#..)..#.)J..#§_#
#..)..#..'.@#..'..+
#..#####+#####+#__#
#..# #..# ## #..#
#### #..# #⌠⌠# ####


You could see a slime creature.

Vanquished Creatures
  Sigmund (D)
  An ogre (D)
  Ijyb (D)
3 creatures vanquished.

Vanquished Creatures (others)
  A gargoyle (D)
1 creature vanquished.

Grand Total: 4 creatures vanquished

Notes
Turn   | Place    | Note
--------------------------------------------------------------
     0 | D        | Neosonic97 the Draconian Venom Mage began the quest for the Orb.
     0 | D        | Reached XP level 1. HP: 14/14 MP: 3/3
     2 | D        | Noticed Ijyb
    14 | D        | Killed Ijyb
    14 | D        | Reached skill level 6 in Poison Magic
    14 | D        | Reached XP level 2. HP: 15/20 MP: 0/5
    97 | D        | Noticed an ogre
   106 | D        | Killed an ogre
   106 | D        | Reached skill level 9 in Poison Magic
   106 | D        | Reached XP level 3. HP: 3/26 MP: 1/7
   106 | D        | Reached XP level 4. HP: 4/33 MP: 1/8
   371 | D        | Learned a level 3 spell: Mephitic Cloud
   382 | D        | Noticed Sigmund
   404 | D        | Killed Sigmund
   404 | D        | Reached skill level 11 in Poison Magic
   404 | D        | Reached XP level 5. HP: 27/38 MP: 1/11
   415 | D        | Killed a gargoyle
   496 | D        | Learned a level 5 spell: Venom Bolt
   508 | D        | Found a snail-covered altar of Cheibriados.
   508 | D        | Found a viscous altar of Jiyva.
   508 | D        | Found a shadowy altar of Dithmenos.
   508 | D        | Found a blossoming altar of Fedhas.
   508 | D        | Noticed a slime creature
   518 | D        | HP: 1/38 [slime creature (19)]
   523 | D        | Slain by a slime creature

Skill      XL: |  1  2  3  4 |
---------------+-------------+-----
Dodging        | 2 3 4 |  4.1
Poison Magic   | 6 9 11 | 11.2
Spellcasting   | 3 4 |  4.3
Stealth        | |  1.7

Action                   |  1- 3 |  4- 6 || total
-------------------------+-------+-------++-------
Melee: Unarmed           |    12 |    16 ||    28
       Tailslap          |       |     4 ||     4
 Cast: Sting             |     6 |     6 ||    12
       Mephitic Cloud    |       |     3 ||     3
  Use: Potion            |     2 |     1 ||     3
Armor: Skin              |     2 |       ||     2
Dodge: Dodged            |     5 |     5 ||    10
